 Dungeon Crawl Stone Soup version 0.26-a0-672-g1df16c3386 (webtiles) character file.

Game seed: 3295354839354479644

887 marklar909 the Stinger (level 8, -4/79 HPs)
             Began as a Formicid Venom Mage on Oct 19, 2020.
             Was a Follower of Cheibriados.
             Splashed by a jelly's acid (7 damage)
             ... on level 5 of the Dungeon.
             The game lasted 00:17:00 (7247 turns).

marklar909 the Stinger (Formicid Venom Mage)        Turns: 7247, Time: 00:17:01

Health: -4/79      AC:  3    Str: 17    XL:     8   Next: 26%
Magic:  16/16      EV:  2    Int: 17    God:    Cheibriados [*.....]
Gold:   186        SH:  0    Dex: 13    Spells: 5/17 levels left

rFire    . . .     SeeInvis .   u - +1 mace (protect)
rCold    . . .     Faith    .   (no shield)
rNeg     + + +     Spirit   .   (armour currently unavailable)
rPois    +         Reflect  .   (helmet unavailable)
rElec    .         Harm     .   (cloak currently unavailable)
rCorr    .         Rampage  .   (gloves currently unavailable)
MR       .....                  (boots currently unavailable)
Stlth    ++........             c - amulet of inaccuracy (curse)
HPRegen  0.23/turn              (no ring)
MPRegen  0.15/turn              (no ring)

@: tree-form, corroded, protection aura, very slow
A: permanent stasis, dig shafts and tunnels, four strong arms
a: Bend Time, Renounce Religion


You were on level 5 of the Dungeon.
You worshipped Cheibriados.
Cheibriados was aware of your devotion.
You were a tree.
You visited 1 branch of the dungeon, and saw 5 of its levels.

You collected 186 gold pieces.

Inventory:

Hand Weapons
 u - a +1 mace of protection (weapon)
 y - a +1 flail of holy wrath
Armour
 m - a +2 pair of boots (melded)
 t - a +0 buckler
 z - a +0 leather armour (melded)
Jewellery
 c - a cursed amulet of inaccuracy (around neck)
 h - an uncursed amulet of faith
 x - an uncursed ring of fire {unknown}
 A - an uncursed ring of stealth {unknown}
Wands
 o - a wand of digging (7)
Scrolls
 a - a scroll of noise {unknown}
 d - a scroll of identify
 g - a scroll of immolation
 n - a scroll of fear
Potions
 b - 4 potions of invisibility
 e - 2 potions of curing
 f - 3 potions of magic
 i - a potion of heal wounds
 j - a potion of stabbing
 k - 2 potions of mutation
 l - a potion of lignification
 p - a potion of cancellation {unknown}
 q - 2 potions of might {unknown}
 r - 2 potions of brilliance {unknown}
 s - a potion of degeneration {unknown}
 v - a potion of berserk rage {unknown}
 w - a potion of ambrosia {unknown}


   Skills:
 + Level 0.4 Fighting
 * Level 1.5 Maces & Flails
 * Level 0.2 Armour
 + Level 2.2 Dodging
 + Level 2.9 Stealth
 * Level 2.7 Shields
 + Level 5.3 Spellcasting
 * Level 1.1 Hexes
 + Level 2.6 Transmutations
 + Level 1.9 Air Magic
 + Level 7.5 Poison Magic


You had 5 spell levels left.
You knew the following spells:

 Your Spells              Type           Power        Failure   Level
a - Sting                 Tmut/Pois      ###.         1%          1
b - Poisonous Vapours     Pois/Air       ###...       3%          2
c - Ignite Poison         Fire/Tmut/Pois ###.....     10%         3
d - Mephitic Cloud        Conj/Pois/Air  ###.....     12%         3
e - Confusing Touch       Hex            #.......     26%         3

Your spell library contained the following spells:

 Spells                   Type           Power        Failure   Level
 Olgreb's Toxic Radiance  Pois           ####....     6%          4
 Corona                   Hex            #......      9%          1
 Animate Skeleton         Necr           #.....       14%         1
 Apportation              Tloc           #.....       14%         1
 Summon Small Mammal      Summ           #...         14%         1
 Ensorcelled Hibernation  Hex/Ice        #.....       17%         2
 Tukima's Dance           Hex            #.......     26%         3
 Dazzling Flash           Conj/Hex       #.....       32%         3


Dungeon Overview and Level Annotations

Branches:
Dungeon (5/15)
 Temple: D:4-7

Altars:
Cheibriados
Dithmenos
Hepliaklqana
Kikubaaqudgha
Vehumet


Innate Abilities, Weirdness & Mutations

You cannot be hasted, slowed, berserked, paralysed or teleported.
You can dig through walls and to a lower floor.
Your four strong arms can wield two-handed weapons with a shield.
((You have a pair of large antennae on your head. (SInv)))


Message History

You turn into a tree.
Your +2 pair of boots melds into your body.
Your +0 leather armour melds into your body.
Your roots penetrate the ground.
The jelly hits you. The acid corrodes you!
You are splashed with acid!
* * * LOW HITPOINT WARNING * * *
You hit the jelly but do no damage.
Your branches burn!
* * * LOW HITPOINT WARNING * * *
The jelly is heavily wounded.
The jelly barely misses you. The jelly hits you.
* * * LOW HITPOINT WARNING * * *
The acid corrodes you!
You are splashed with acid!
* * * LOW HITPOINT WARNING * * *
You hit the jelly but do no damage.
Your branches burn!
* * * LOW HITPOINT WARNING * * *
The jelly is heavily wounded.
The jelly hits you.
* * * LOW HITPOINT WARNING * * *
You are splashed with acid!
You die...

#......#.........
#####.....#.........
...##.....#.........
..........#.........
........#.........
........#.....####
.##.....#.....#...
#########.....#.....#...
#.....J♣......#.....#...
#......#......#.....#...
#......#......#....<#...
#......#......'.....#...
#......#......#.....#...
###############.....####
#######


You could see a jelly.

Vanquished Creatures
  A centaur (D:4)
  Blork the orc (D:5)
  A scorpion (D:5)
  2 orc priests
  2 hounds
  8 orc wizards
  2 bullfrog skeletons (D:4)
  Jessica (D:3)
  An iguana (D:4)
  A worker ant (D:4)
  8 adders
  A shadow imp (D:5)
  2 oozes (D:1)
  2 adder skeletons
  3 worms
  2 dart slugs
  3 leopard geckos (D:3)
  26 orcs
  10 bats
  6 giant cockroaches
  4 goblins
  11 hobgoblins
  3 jackals (D:2)
  3 quokkas
  6 frilled lizards
  4 kobolds
  A leopard gecko skeleton (D:5)
  A quokka skeleton (D:4)
  5 rats
121 creatures vanquished.

Notes
Turn   | Place    | Note
-------+----------+-------------------------------------------
     0 | D:1      | marklar909 the Formicid Venom Mage began the quest for the
                  | Orb.
     0 | D:1      | Reached XP level 1. HP: 13/13 MP: 3/3
   161 | D:1      | Reached XP level 2. HP: 19/19 MP: 1/5
   695 | D:1      | Reached XP level 3. HP: 11/24 MP: 1/6
  1442 | D:2      | Reached skill level 5 in Poison Magic
  1668 | D:2      | Reached XP level 4. HP: 10/30 MP: 4/8
  2374 | D:2      | Learned a level 2 spell: Poisonous Vapours
  2378 | D:2      | Learned a level 3 spell: Ignite Poison
  2382 | D:2      | Learned a level 3 spell: Mephitic Cloud
  2875 | D:3      | Found a hazy altar of Hepliaklqana.
  3018 | D:3      | Reached XP level 5. HP: 22/35 MP: 3/9
  3273 | D:3      | Noticed Jessica
  3276 | D:3      | Killed Jessica
  3276 | D:3      | Reached skill level 1 in Air Magic
  3812 | D:3      | Reached XP level 6. HP: 41/41 MP: 6/11
  3950 | D:3      | Found a snail-covered altar of Cheibriados.
  4166 | D:3      | Learned a level 3 spell: Confusing Touch
  4383 | D:4      | Reached skill level 6 in Poison Magic
  4824 | D:4      | Reached XP level 7. HP: 33/46 MP: 8/13
  4887 | D:4      | Reached skill level 1 in Maces & Flails
  4985 | D:4      | Reached skill level 1 in Shields
  5506 | D:4      | Reached skill level 7 in Poison Magic
  5807 | D:4      | Found a hazy altar of Hepliaklqana.
  5813 | D:4      | Found an ancient bone altar of Kikubaaqudgha.
  5813 | D:4      | Found a shadowy altar of Dithmenos.
  5821 | D:4      | Reached skill level 5 in Spellcasting
  5935 | D:3      | Became a worshipper of Cheibriados the Contemplative
  5960 | D:5      | Entered Level 5 of the Dungeon
  6130 | D:5      | Found a radiant altar of Vehumet.
  6606 | D:5      | Noticed Blork the orc
  6616 | D:5      | Killed Blork the orc
  6616 | D:5      | Reached XP level 8. HP: 49/52 MP: 3/15
  6658 | D:5      | Reached skill level 1 in Hexes
  7080 | D:5      | Reached * piety under Cheibriados
  7247 | D:5      | HP: 3/79 [jelly (2)]
  7247 | D:5      | Splashed by a jelly's acid

Illustrated notes

Levels and vault maps discovered:
D:1:      enne_arrival_octagon_isle, layout_basic, minmay_misc_feat_plants
D:2:      layout_loops_cross, minmay_box_of_dots
D:3:      layout_loops_ring, kennysheep_slug_shrine, lemuel_tele_altar,
          uniq_jessica
D:4:      layout_loops_cross, grunt_temple_overflow_open
D:5:      layout_gridville, fiery_altar_vehumet, uniq_blork_the_orc

Skill      XL: |  1  2  3  4  5  6  7  8 |
---------------+-------------------------+-----
Poison Magic   | 5 6 7 |  7.5
Transmutations | 2 |  2.6
Spellcasting   | 3 4 5 |  5.3
Air Magic      | 1 |  1.9
Dodging        | 2 |  2.2
Maces & Flails | 1 |  1.5
Shields        | 2 |  2.7
Hexes          | 1 |  1.1
Fighting       | |  0.4
Armour         | |  0.2
Stealth        | |  2.9

Action                   |  1- 3 |  4- 6 |  7- 9 || total
-------------------------+-------+-------+-------++-------
Melee: Unarmed           |     2 |       |       ||     2
       Mace              |    15 |    16 |    54 ||    85
       Club              |       |    26 |       ||    26
       Whip              |       |    14 |       ||    14
       Flail             |       |       |     2 ||     2
 Cast: Sting             |    49 |    67 |    32 ||   148
       Poisonous Vapours |       |    52 |    47 ||    99
       Mephitic Cloud    |       |       |     1 ||     1
       Confusing Touch   |       |       |     2 ||     2
 Abil: Dig               |       |     2 |       ||     2
  Use: Scroll            |     4 |     2 |     6 ||    12
       Potion            |       |       |     2 ||     2
 Stab: Confused          |       |       |     2 ||     2
Armor: Robe              |     8 |    27 |    11 ||    46
       Leather armour    |       |       |     6 ||     6
Dodge: Dodged            |    14 |    50 |    51 ||   115

Table legend: (Time is in decaauts)
 A = Elapsed time spent in this place.
 B = Non-inter-level travel time spent in this place.
 C = Inter-level travel time spent in this place.
 D = Time resting spent in this place.
 E = Time spent auto-exploring this place.
 F = Levels seen in this place.
 G = Mean time per level.
                   A        B        C        D        E       F      G
               +--------+--------+--------+--------+--------+-----+--------+
         Total |   7471 |   7143 |    328 |   1126 |   4768 |   5 | 1494.2 |
       Dungeon |   7471 |   7143 |    328 |   1126 |   4768 |   5 | 1494.2 |
               +--------+--------+--------+--------+--------+-----+--------+

Top non-repeatable levels by time:
     D:3: 1937 daAuts
     D:4: 1899 daAuts
     D:1: 1294 daAuts
     D:5: 1243 daAuts
     D:2: 1096 daAuts
